[Event "85th Southwest Open 2019"]
[Site "Dallas"]
[Date "2019.09.02"]
[Round "8.25"]
[White "Green, Austen"]
[Black "Nair, Ajitesh"]
[Result "1-0"]
[ECO "C45"]
[WhiteElo "2132"]
[BlackElo "1457"]
[Annotator "NA"]
[PlyCount "97"]
[EventDate "2019.08.29"]
[EventType "swiss"]
[EventCountry "USA"]
[SourceTitle "playchess.com"]
[Source "ChessBase"]
[SourceQuality "1"]
[TimeControl "5400+30"]

1. e4 e5 2. Nf3 Nc6 3. d4 exd4 4. Nxd4 Bc5 5. Nxc6 bxc6 6. Bd3 Ne7 7. Qh5 Bb6 8. Nd2 O-O 9. Nf3 Ng6 10. e5 d6 11. O-O Qd7 12. Ng5 h6 13. e6 fxe6 14. Bxg6 Ba6 15. Bd2 Bxf1 16. Rxf1 Rf6 17. Nf3 e5 18. Bg5 Rff8 19. Bh4 Rf4 20. Bg3 Rf6 21. Bh4 Rf4 22. b3 Qg4 23. Bf7+ Kh8 24. Qxg4 Rxg4 25. Be6 Rf4 26. Bg3 Rf6 27. Bd7 c5 28. Bc6 Rb8 29. Rd1 Ba5 30. Nd2 Bxd2 31. Rxd2 Rb6 32. Be4 Rb8 33. f3 g5 34. h4 Kg7 35. Kf2 Rh8 36. Ke3 Kf7 37. Rd1 Kg7 38. Rh1 Rf7 39. Kd3 Rff8 40. Be1 Rf7 41. Bd5 Re7 42. Bd2 gxh4 43. Rxh4 Kg6 44. Ra4 c6 45. Bxc6 Rc8 46. Ra6 Kg7 47. Bd5 Rh8 48. Rxd6 h5 49. Ke4 1-0

[Event "85th Southwest Open 2019"]
[Site "Dallas"]
[Date "2019.09.03"]
[Round "9.9"]
[White "Drozdowski, Kacper"]
[Black "Wang, Jason"]
[Result "0-1"]
[ECO "B21"]
[WhiteElo "2484"]
[BlackElo "2300"]
[Annotator "RC"]
[PlyCount "104"]
[EventDate "2019.08.29"]
[EventType "swiss"]
[EventCountry "USA"]
[SourceTitle "playchess.com"]
[Source "ChessBase"]
[SourceQuality "1"]
[TimeControl "5400+30"]

1. e4 c5 2. d3 e6 3. f4 d5 4. Nf3 Nc6 5. Be2 Nge7 6. O-O g6 7. Qe1 Bg7 8. Nc3 b6 9. Qh4 Ba6 10. f5 exf5 11. exd5 Nxd5 12. Bg5 Qd7 13. Nxd5 Qxd5 14. c3 O-O 15. Bh6 Rfe8 16. Rf2 Bxd3 17. Rd1 Qe4 18. Bf4 Bxe2 19. Ng5 Qe7 20. Qxh7+ Kf8 21. Re1 Rad8 22. Rfxe2 Qxe2 23. Rxe2 Rxe2 24. h3 Rxb2 25. Qh4 Rxa2 26. Nh7+ Kg8 27. Nf6+ Kf8 28. Nh7+ Ke8 29. Nf6+ Bxf6 30. Qxf6 Ne7 31. Qe5 Ra4 32. Bg5 Re4 33. Qc7 Re6 34. Qxa7 f6 35. Bf4 Kf7 36. h4 Rd3 37. Bc7 Rd7 38. Qb8 Nd5 39. Qh8 Rxc7 40. Qh7+ Kf8 41. Qh8+ Ke7 42. Qg7+ Kd6 43. Qxg6 Ne3 44. Kf2 Ng4+ 45. Kg3 Re3+ 46. Kf4 Re4+ 47. Kg3 Re3+ 48. Kf4 Rce7 49. c4 Re1 50. Kxf5 Ne3+ 51. Kf4 Rf1+ 52. Kg3 Rg7 0-1